 Dungeon Crawl Stone Soup version 0.19.4-12-gccf7e64 (webtiles) character file.

29108 winWinterter the Contemplative (level 13, -23/88 HPs)
             Began as a Demonspawn Gladiator on Feb 27, 2017.
             Was a Priest of Cheibriados.
             Annihilated by a skeletal warrior
             ... wielding a +2 war axe of venom
             ... led by a skeletal warrior
              (24 damage)
             ... on level 11 of the Dungeon.
             The game lasted 01:02:24 (18850 turns).

winWinterter the Contemplative (DsGl)              Turns: 18850, Time: 01:02:30

Health: -23/88     AC: 24    Str: 28    XL:     13   Next: 13%
Magic:  0/21       EV: 17    Int: 19    God:    Cheibriados [***...]
Gold:   425        SH:  0    Dex: 26    Spells: 4 memorised, 8 levels left

rFire  + . .     SeeInvis .     q - +5 war axe "Dikh" {chop, Str+3}
rCold  + . .     Gourm    .     b - +3 ring mail {rC+}
rNeg   . . .     Faith    .     (no shield)
rPois  .         Spirit   +     c - +0 helmet
rElec  .         Reflect  .     i - +2 cloak
rCorr  .         Harm     .     H - +0 pair of gloves
MR     ++...                    (no boots)
Stlth  ++........               C - amulet of guardian spirit
                                (no ring)
                                S - ring of Woguwonk {Wiz MR+}

@: lethally poisoned (-23 -> -33), sanguine armour, repel missiles, very slow
A: claws 2, clever 1, fire resistance 1, frail 1, magic resistance 1, spiny 1,
augmentation 1, flame cloud immunity, sanguine armour 2
a: Bend Time, Temporal Distortion, Renounce Religion


You were on level 11 of the Dungeon.
You worshipped Cheibriados.
Cheibriados was most pleased with you.
You were not hungry.

You visited 3 branches of the dungeon, and saw 17 of its levels.

You collected 978 gold pieces.
You spent 553 gold pieces at shops.

Inventory:

Hand Weapons
 g - a +5 shortbow of flaming
 q - the +5 war axe "Dikh" (weapon) {chop, Str+3}
   (You found it on level 4 of the Dungeon)

   It inflicts extra damage upon your enemies.
   It affects your strength (+3).
 E - a +0 scimitar of flaming
Missiles
 u - 2 steel javelins (quivered)
 D - 209 arrows
Armour
 b - a +3 ring mail of cold resistance (worn)
 c - a +0 helmet (worn)
 i - a +2 cloak (worn)
 G - a +0 cloak
 H - a +0 pair of gloves (worn)
Jewellery
 k - an uncursed ring of ice
 A - an uncursed amulet of faith
 C - an amulet of guardian spirit (around neck)
 S - the ring of Woguwonk (left hand) {Wiz MR+}
   (You bought it in a shop on level 4 of the Dungeon)

   [ring of wizardry]

   It improves your spell success rate.
   It affects your resistance to hostile enchantments.
Wands
 a - a wand of flame (25/48)
 r - a wand of iceblast (4/15)
 t - a wand of iceblast (7/15)
 v - a wand of iceblast (1/15)
 y - a wand of iceblast (4/15)
 z - a wand of iceblast (5/15)
 B - a wand of confusion (35/48)
 F - a wand of acid (2/15)
 J - a wand of disintegration (7/24)
 L - a wand of random effects (35/48)
 O - a wand of disintegration (13/24)
Scrolls
 e - 8 scrolls of remove curse
 l - 6 scrolls of teleportation
 m - 8 scrolls of identify
 o - a scroll of magic mapping
 p - a scroll of recharging
 Q - a scroll of blinking {unknown}
 T - a scroll of amnesia {unknown}
Potions
 h - 3 potions of cancellation
 n - a potion of heal wounds
 K - a potion of curing
 M - 2 potions of brilliance
Books
 d - a book of Misfortune

   Spells                             Type                      Level
   a - Confusing Touch                Hexes                        1
   b - Confuse                        Hexes                        3
   c - Gell's Gravitas                Hexes/Translocation          3
   d - Petrify                        Transmutation/Earth          4
   e - Metabolic Englaciation         Hexes/Ice                    5
   f - Yara's Violent Unravelling     Hexes/Transmutation          5
 j - a book of Air

   Spells                             Type                      Level
   a - Shock                          Conjuration/Air              1
   b - Swiftness                      Charms/Air                   2
   c - Repel Missiles                 Charms/Air                   2
   d - Static Discharge               Conjuration/Air              3
   e - Lightning Bolt                 Conjuration/Air              5
 s - a book of Callings

   Spells                             Type                      Level
   a - Summon Small Mammal            Summoning                    1
   b - Call Imp                       Summoning                    2
   c - Call Canine Familiar           Summoning                    3
   d - Summon Guardian Golem          Hexes/Summoning              3
   e - Summon Lightning Spire         Summoning/Air                4
   f - Summon Ice Beast               Ice/Summoning                4
 w - a book of Maledictions

   Spells                             Type                      Level
   a - Corona                         Hexes                        1
   b - Ensorcelled Hibernation        Hexes/Ice                    2
   c - Confuse                        Hexes                        3
   d - Tukima's Dance                 Hexes                        3
   e - Dazzling Spray                 Conjuration/Hexes            3
 I - a book of Frost

   Spells                             Type                      Level
   a - Freeze                         Ice                          1
   b - Throw Frost                    Conjuration/Ice              2
   c - Ozocubu's Armour               Charms/Ice                   3
   d - Throw Icicle                   Conjuration/Ice              4
   e - Summon Ice Beast               Ice/Summoning                4
Comestibles
 f - 9 bread rations
 x - 4 meat rations
 N - 23 fruits
 P - 3 chunks of flesh
 R - a beef jerky


   Skills:
 + Level 7.8 Fighting
 + Level 11.0 Axes
 + Level 5.9 Bows
 - Level 2.5 Throwing
 + Level 6.3 Armour
 + Level 6.1 Dodging
 - Level 1.4 Stealth
 + Level 4.2 Spellcasting
 - Level 4.2 Charms
 * Level 5.4 Summonings
 - Level 3.6 Air Magic
 + Level 11.9 Invocations
 - Level 0.4 Evocations


You had 8 spell levels left.
You knew the following spells:

 Your Spells              Type           Power        Failure   Level  Hunger
a - Repel Missiles        Chrm/Air       ###...       2%          2    #......
b - Call Imp              Summ           ###.....     1%          2    #......
c - Summon Lightning Spi  Summ/Air       ###.....     12%         4    ####...
d - Summon Ice Beast      Ice/Summ       ##......     38%         4    ####...


Dungeon Overview and Level Annotations

Branches:
Dungeon (11/15)            Temple (1/1) D:4            Lair (5/6) D:11
  Swamp (0/4) Lair:4       Spider (0/4) Lair:4          Orc (0/2) D:9
  Slime: Lair:5-6

Altars:
Ashenzari
Cheibriados
Dithmenos
Elyvilon
Fedhas
Gozag
Hepliaklqana
Kikubaaqudgha
Makhleb
Nemelex Xobeh
Okawaru
Qazlal
Ru
Sif Muna
Trog
Uskayaw
Vehumet
Xom
Yredelemnul
Zin
The Shining One

Shops:
D:4 %=(!(

Annotations:
Lair:4 exclusion: oklob plant


Innate Abilities, Weirdness & Mutations

You have very sharp fingernails.
Your flesh is heat resistant. (rF+)
You are partially covered in sharp spines.
Your magical and physical power is slightly enhanced at high health.
You are immune to clouds of flame.
When seriously injured, your bleeding wounds create thick armour. (AC +9)
Your mind is acute. (Int +2)
You are frail. (-10% HP)
You are resistant to hostile enchantments. (MR+)


Message History

You feel better.
The skeletal warrior hits you but does no damage. x2
You hit the skeletal warrior but do no damage.
The skeletal warrior is almost destroyed.
You hit the skeletal warrior but do no damage.
The skeletal warrior is no longer moving slowly.
The skeletal warrior closely misses you.
The skeletal warrior hits you with a war axe of venom!
* * * LOW HITPOINT WARNING * * *
You are lethally poisoned!
Okay, then.
Okay, then.
Okay, then.
You feel much better.
You feel sick.
The skeletal warrior hits you from afar with a glaive!!
* * * LOW HITPOINT WARNING * * *
The skeletal warrior hits you with a scimitar.
* * * LOW HITPOINT WARNING * * *
The skeletal warrior hits you with a war axe of venom!!
You die...

.........###..........# #.....#
.........#............# #.....##
.........#.#....Z.....# #.....'.
...........#..........####.....##
.....>.....#............##.....##
#######...............#..'.....#
#####........♣........####.....#
#............P..###.### ##'#####
..##...P........@...# #..?...
.###..P..P.....zz#### ######'
.........P♣....÷.z.# #......
.#.....P.♣....(....### #.....)
.#..P.....>...♣......######......
.#...........P.....#......#......
.#...........).....######.#......
.#)#..P...♣.......## #.'......
......P..........)# ###......


You could see 3 skeletal warriors.

Vanquished Creatures
  Snorg (Lair:4)
  Fannar (Lair:2)
  3 hydras
  A death knight (D:11)
  Erica (Lair:2)
  The ghost of Eremar the Blocker, a novice MiFi of Sif Muna (D:9)
  A skeletal warrior (D:11)
  Sonja (Lair:2)
  A hill giant (D:11)
  A manticore (D:10)
  A black mamba (Lair:4)
  A gargoyle (D:11)
  3 spiny frogs
  3 komodo dragons
  A tengu conjurer (D:10)
  The ghost of DrClinical the Caller, a novice KoSu of Kikubaaqudgha (D:6)
  2 tyrant leeches (Lair:4)
  11 blink frogs
  7 hippogriffs
  A wyvern (Lair:2)
  A shadow (D:11)
  A vampire (D:8)
  3 basilisks
  25 yaks
  A hungry ghost (D:9)
  Edmund (D:5)
  A swamp worm (Lair:4)
  Grum (D:9)
  8 water moccasins
  Duvessa (D:4)
  11 porcupines
  A black bear (Lair:2)
  6 orc warriors
  3 ice beasts
  2 sky beasts
  An eye of draining (D:9)
  3 phantoms
  5 ogres
  6 wolves
  9 centaurs
  9 crocodiles
  A big kobold (D:10)
  14 bullfrogs
  A scorpion (D:8)
  Dowan (D:4)
  17 killer bees
  17 wights
  An electric eel (D:9)
  7 crimson imps
  A bullfrog zombie (D:10)
  A centaur zombie (D:5)
  A bullfrog skeleton (D:9)
  Crazy Yiuf (D:2)
  9 hounds
  6 orc priests
  5 orc wizards
  3 iguanas
  Terence (D:3)
  Natasha (thrice) (D:2)
  8 worker ants
  2 killer bee zombies
  A hound zombie (D:8)
  A hound skeleton (D:11)
  2 howler monkey zombies
  Robin (D:2)
  A howler monkey skeleton (D:10)
  13 adders
  A river rat (D:11)
  2 shadow imps
  3 oozes
  2 adder zombies
  3 adder skeletons
  7 worms
  4 dart slugs
  11 leopard geckos
  50 orcs
  11 bats
  3 giant cockroaches
  18 hobgoblins
  16 jackals
  17 kobolds
  4 quokkas
  A ball python (D:4)
  A frilled lizard (D:3)
  14 goblins
  3 jackal skeletons
  A leopard gecko skeleton (D:9)
  13 rats
  5 plants
451 creatures vanquished.

Vanquished Creatures (collateral kills)
  An ugly thing (D:9)
  A blink frog (Lair:3)
  An orc warrior (D:9)
  3 orcs (D:9)
6 creatures vanquished.

Vanquished Creatures (others)
  A rat (D:1)
  A fungus (Lair:3)
  5 plants
7 creatures vanquished.

Grand Total: 464 creatures vanquished

Notes
Turn   | Place    | Note
-------+----------+-------------------------------------------
     0 | D:1      | winWinterter the Demonspawn Gladiator began the quest for the Orb.
     0 | D:1      | Reached XP level 1. HP: 16/16 MP: 1/1
   114 | D:1      | Gained mutation: You are partially covered in sharp spines. [demonic ancestry]
   114 | D:1      | Reached XP level 2. HP: 16/22 MP: 2/2
   425 | D:1      | Gained mutation: When seriously injured, your bleeding wounds create armour. (AC +9) [demonic ancestry]
   425 | D:1      | Reached XP level 3. HP: 27/27 MP: 3/3
  1361 | D:2      | Noticed Natasha
  1365 | D:2      | Killed Natasha
  1365 | D:2      | Gained mutation: Your flesh is heat resistant. (rF+) [demonic ancestry]
  1365 | D:2      | Reached XP level 4. HP: 29/34 MP: 4/4
  1433 | D:2      | Noticed Natasha
  1438 | D:2      | Killed Natasha
  1438 | D:2      | Reached skill level 1 in Armour
  1438 | D:2      | Reached skill level 1 in Stealth
  1440 | D:2      | Noticed Natasha
  1441 | D:2      | Noticed Robin
  1449 | D:2      | Killed Natasha
  1449 | D:2      | Gained mutation: You have sharp fingernails. [demonic ancestry]
  1449 | D:2      | Reached XP level 5. HP: 23/39 MP: 5/5
  1451 | D:2      | Killed Robin
  1992 | D:2      | Found a runed door.
  2111 | D:2      | Noticed Crazy Yiuf
  2474 | D:3      | Noticed a moth of wrath
  2499 | D:3      | Found a hide-covered altar of Uskayaw.
  2504 | D:3      | Noticed Terence
  2511 | D:3      | Killed Terence
  2707 | D:3      | Found a bloodstained altar of Trog.
  3279 | D:3      | Reached XP level 6. HP: 47/47 MP: 6/6
  3666 | D:4      | Found Kunol's Distillery.
  3666 | D:4      | Found Biaqurgh's Antique Weapon Boutique.
  3721 | D:4      | Found Xut Bijyi's Jewellery Shoppe.
  3757 | D:4      | Noticed Duvessa
  3757 | D:4      | Noticed Dowan
  4056 | D:2      | Killed Crazy Yiuf
  4124 | D:4      | Killed Dowan
  4124 | D:4      | Reached skill level 5 in Axes
  4141 | D:4      | Killed Duvessa
  4141 | D:4      | Reached XP level 7. HP: 20/52 MP: 7/7
  4331 | D:3      | Learned a level 2 spell: Repel Missiles
  4380 | D:4      | Found Lyhippog's Food Boutique.
  4382 | D:4      | Found a staircase to the Ecumenical Temple.
  4432 | Temple   | Entered the Ecumenical Temple
  4519 | Temple   | Became a worshipper of Cheibriados the Contemplative
  4609 | D:4      | Got a jewelled war axe
  4610 | D:4      | Identified the +5 war axe "Dikh" {chop, Str+3} (You found it on level 4 of the Dungeon)
  4760 | D:4      | Found Tuorya's Weapon Emporium.
  4822 | D:5      | Entered Level 5 of the Dungeon
  4922 | D:5      | Reached * piety under Cheibriados
  5109 | D:5      | Found a radiant altar of Vehumet.
  5118 | D:5      | Gained mutation: You are immune to clouds of flame. [demonic ancestry]
  5118 | D:5      | Reached XP level 8. HP: 60/60 MP: 8/8
  5438 | D:5      | Noticed Edmund
  5442 | D:5      | Gained mutation: You are frail. (-10% HP) [potion of mutation]
  5442 | D:5      | Gained mutation: You are resistant to hostile enchantments. (MR+) [potion of mutation]
  5442 | D:5      | Gained mutation: Your mind is acute. (Int +2) [potion of mutation]
  5447 | D:5      | Killed Edmund
  5735 | D:6      | Found a burning altar of Makhleb.
  5736 | D:6      | Found a shadowy altar of Dithmenos.
  5841 | D:6      | Reached ** piety under Cheibriados
  6028 | D:6      | Noticed DrClinical's ghost (novice KoSu)
  6039 | D:6      | Killed DrClinical's ghost
  6039 | D:6      | Reached skill level 5 in Fighting
  6051 | D:6      | Found a stormy altar of Qazlal.
  6670 | D:7      | Reached XP level 9. HP: 61/61 MP: 9/9
  6862 | D:8      | Reached skill level 1 in Invocations
  6958 | D:8      | Reached *** piety under Cheibriados
  6958 | D:8      | Reached skill level 1 in Spellcasting
  6958 | D:8      | Reached skill level 1 in Air Magic
  7078 | D:8      | Reached skill level 1 in Charms
  7764 | D:9      | Found a blossoming altar of Fedhas.
  7899 | D:9      | Noticed Eremar's ghost (novice MiFi)
  7913 | D:9      | Killed Eremar's ghost
  7913 | D:9      | Gained mutation: You have very sharp fingernails. [demonic ancestry]
  7913 | D:9      | Reached XP level 10. HP: 27/68 MP: 1/13
  7932 | D:9      | Noticed a red ugly thing
  8447 | D:9      | Reached **** piety under Cheibriados
  8735 | D:9      | Noticed Grum
  8737 | D:9      | Killed Grum
  8748 | D:9      | Reached skill level 5 in Dodging
  9143 | D:10     | Entered Level 10 of the Dungeon
  9449 | D:10     | Noticed a manticore
  9458 | D:10     | Killed a manticore
  9679 | D:10     | Reached skill level 5 in Invocations
 10392 | D:8      | Reached skill level 5 in Armour
 11225 | D:11     | Reached ***** piety under Cheibriados
 11225 | D:11     | Reached skill level 10 in Axes
 11235 | D:11     | Gained mutation: When seriously injured, your bleeding wounds create thick armour. (AC +9) [demonic ancestry]
 11235 | D:11     | Reached XP level 11. HP: 54/74 MP: 13/16
 11245 | D:11     | Reached skill level 1 in Bows
 11518 | D:11     | Found a staircase to the Lair.
 11979 | D:11     | Noticed a death knight
 12161 | D:11     | Learned a level 2 spell: Call Imp
 12166 | D:11     | Learned a level 4 spell: Summon Lightning Spire
 12460 | D:11     | Noticed a hill giant
 12465 | D:11     | Killed a hill giant
 12465 | D:11     | Reached skill level 1 in Summonings
 12492 | Lair:1   | Entered Level 1 of the Lair of Beasts
 12628 | Lair:1   | Noticed an eight-headed hydra
 12633 | Lair:1   | Killed an eight-headed hydra
 12994 | Lair:1   | Reached skill level 10 in Invocations
 13265 | Lair:1   | Noticed a seven-headed hydra
 13281 | Lair:1   | Killed a seven-headed hydra
 13625 | Lair:2   | Gained mutation: Your magical and physical power is slightly enhanced at high health. [demonic ancestry]
 13625 | Lair:2   | Reached XP level 12. HP: 71/80 MP: 20/20
 13908 | Lair:2   | Noticed Fannar
 13921 | Lair:2   | Killed Fannar
 13978 | Lair:2   | Noticed Erica
 13995 | Lair:2   | Killed Erica
 14364 | Lair:2   | Noticed Sonja
 14365 | Lair:2   | Killed Sonja
 16020 | Lair:4   | Reached skill level 5 in Bows
 16035 | Lair:4   | Noticed a six-headed hydra
 16040 | Lair:4   | Killed a six-headed hydra
 16103 | Lair:4   | Noticed Snorg
 16111 | Lair:4   | Killed Snorg
 16249 | Lair:4   | Found a staircase to the Swamp.
 16523 | Lair:4   | Found a hole to the Spider Nest.
 16566 | Lair:4   | Reached skill level 5 in Summonings
 17308 | D:9      | Reached XP level 13. HP: 78/87 MP: 21/21
 17747 | D:9      | Reached ****** piety under Cheibriados
 17790 | D:9      | Found a staircase to the Orcish Mines.
 18187 | D:4      | Bought the ring of Woguwonk {Wiz MR+} for 553 gold pieces
 18330 | D:4      | Learned a level 4 spell: Summon Ice Beast
 18850 | D:11     | HP: 1/88 [skeletal warrior/scimitar[a skeletal warrior] (5)]
 18850 | D:11     | Annihilated by a skeletal warrior

Skill      XL: |  1  2  3  4  5  6  7  8  9 10 11 12 |
---------------+-------------------------------------+-----
Throwing       | 2 |  2.5
Axes           | 3 4 5 6 8 9 10 11 | 11.0
Dodging        | 3 4 5 6 |  6.1
Armour         | 1 2 3 4 5 6 |  6.3
Stealth        | 1 |  1.4
Fighting       | 3 4 5 6 7 |  7.8
Invocations    | 3 5 11 | 11.9
Spellcasting   | 2 3 4 |  4.2
Air Magic      | 2 3 |  3.6
Charms         | 2 3 4 |  4.2
Bows           | 2 5 |  5.9
Summonings     | 3 5 |  5.4
Evocations     | |  0.4

Action                   |  1- 3 |  4- 6 |  7- 9 | 10-12 | 13-15 || total
-------------------------+-------+-------+-------+-------+-------++-------
Melee: War axe           |    64 |   191 |   209 |   322 |    50 ||   836
 Fire: Shortbow          |       |       |       |   195 |    45 ||   240
Throw: Throwing net      |       |     3 |       |     2 |       ||     5
       Javelin           |       |       |       |     4 |     1 ||     5
 Cast: Repel Missiles    |       |       |     1 |     3 |       ||     4
       Call Imp          |       |       |       |     5 |     1 ||     6
       Summon Lightning  |       |       |       |       |     3 ||     3
Invok: Bend Time         |       |       |       |     7 |     2 ||     9
       Slouch            |       |       |       |     5 |     2 ||     7
       Temporal Distorti |       |       |       |     1 |       ||     1
Evoke: Wand              |       |       |       |    10 |       ||    10
  Use: Potion            |       |     5 |     6 |     1 |     3 ||    15
       Scroll            |       |     5 |       |    14 |     2 ||    21
 Stab: Sleeping          |     2 |     1 |     1 |     2 |       ||     6
       Distracted        |       |     1 |       |       |     1 ||     2
  Eat: Chunk             |     1 |     7 |     4 |     2 |     3 ||    17
       Beef jerky        |       |     1 |       |     3 |       ||     4
       Meat ration       |       |       |     1 |       |       ||     1
       Pizza             |       |       |       |     2 |       ||     2
       Royal jelly       |       |       |       |     1 |       ||     1
       Fruit             |       |       |       |     7 |       ||     7
Armor: Leather armour    |    15 |    37 |       |       |       ||    52
       Scale mail        |       |    77 |     1 |       |       ||    78
       Ring mail         |       |       |    95 |    98 |    15 ||   208
       Skin              |       |       |     4 |       |       ||     4
Dodge: Dodged            |    50 |   134 |   116 |   225 |    34 ||   559
       Deflected         |       |       |       |     6 |     1 ||     7
